Flyers vs Red Wings
(R1)
Created - May 17, 2020 at 22:43
Goals
|
| Flyers |
0 |
1 |
1 |
2 |
| Red Wings |
1 |
0 |
0 |
1 |
|
Shots
|
| Flyers |
9 |
7 |
12 |
28 |
| Red Wings |
8 |
13 |
10 |
31 |
|
1st period
1. Red Wings , Connor Brown 1 (Mike Richards 2, Alex Picard 1) at 15:19
Penalties :
Jakub Kindl (Det) for Diving (Minor) at 5:56, Jakub Kindl (Det) for Roughing (Minor) at 16:13
2nd period
2. Flyers , Ryan Callahan 1 (Chris Mcallister 1, Matthew Lombardi 1) at 1:26
Penalties :
Michael Haley (Det) for Roughing (Minor) at 19:09
3rd period
3. Flyers , J.T. Miller 1 (Mats Zuccarello 1, Jordan Nolan 2) at 7:43 (PP)
Penalties :
David Krejci (Det) for Hooking (Minor) at 3:59, David Krejci (Det) for Slashing (Minor) at 7:36, Jeff Carter (Phi) for Hooking (Minor) at 9:31, Nick Bjugstad (Det) for Hooking (Minor) at 15:43
Goalie Stats
Steve Mason (Phi), 30 saves from 31 shots - (0.968), W, 1-0-0, 60:00 minutes
James Reimer (Det), 26 saves from 28 shots - (0.929), L, 1-1-0, 59:32 minutes
Players Stats for Flyers
Player Name G A P +/- PIM S H SB GA TA FO MP PP MP PK MP
------------------------------------------------------------------------------------
Brian Lashoff 0 0 0 0 0 0 1 0 0 0 0/0 14:28 0:00 0:00
Brock Nelson 0 0 0 0 0 2 1 0 0 0 0/0 11:16 0:00 0:00
Chris Mcallister 0 1 1 1 0 1 0 1 0 0 0/0 9:57 0:00 1:04
Drew Miller 0 0 0 0 0 2 3 0 1 0 1/1 21:02 4:54 0:00
J.T. Miller 1 0 1 -1 0 4 2 0 0 0 0/1 17:45 5:08 0:55
Jakub Voracek 0 0 0 0 0 3 2 1 1 0 1/1 19:57 4:54 0:00
Jeff Carter 0 0 0 0 2 1 3 1 1 0 10/21 19:49 4:54 0:00
Jeff Woywitka 0 0 0 0 0 2 1 0 0 1 0/0 23:37 4:41 0:38
Jonathan Ericsson 0 0 0 0 0 1 2 2 0 0 0/0 19:50 4:41 0:38
Jordan Nolan 0 1 1 -1 0 1 0 0 0 0 10/15 17:36 5:05 0:50
Marcus Kruger 0 0 0 0 0 1 1 0 0 0 5/11 11:20 0:03 0:00
Mats Zuccarello 0 1 1 -1 0 4 3 0 0 0 0/2 17:55 5:08 0:00
Matt Smaby 0 0 0 0 0 0 2 0 0 1 0/0 21:34 5:21 1:21
Matthew Lombardi 0 1 1 1 0 0 1 1 0 0 4/11 11:15 0:00 1:09
Nathan Beaulieu 0 0 0 0 0 1 1 0 0 0 0/0 15:33 0:00 0:00
Oliver Ekman-Larsson 0 0 0 0 0 1 3 2 0 0 0/0 24:58 5:21 1:21
Ryan Callahan 1 0 1 1 0 1 1 0 0 1 0/1 8:52 0:00 0:00
Tomas Kubalik 0 0 0 0 0 3 0 0 0 2 0/0 11:16 0:00 0:00
Players Stats for Red Wings
Player Name G A P +/- PIM S H SB GA TA FO MP PP MP PK MP
------------------------------------------------------------------------------------
Alex Picard 0 1 1 1 0 2 0 1 0 0 1/1 19:33 1:37 2:30
Anton Volchenkov 0 0 0 0 0 2 1 1 0 0 0/0 20:57 0:00 6:29
Carson Mcmillan 0 0 0 -1 0 3 1 1 0 0 0/1 12:03 0:00 3:26
Chris Kelly 0 0 0 0 0 0 0 0 0 0 5/11 16:34 0:00 5:56
Connor Brown 1 0 1 1 0 8 0 2 0 0 0/1 22:22 1:37 0:00
David Krejci 0 0 0 0 4 0 1 0 0 0 1/6 11:06 0:00 0:36
Jakub Kindl 0 0 0 0 4 1 1 1 0 1 0/0 17:40 0:22 2:03
Jiri Fischer 0 0 0 0 0 1 0 2 0 1 0/0 19:59 0:22 6:29
Jordin Tootoo 0 0 0 0 0 2 4 0 1 0 0/0 15:22 0:22 0:00
Karl Alzner 0 0 0 0 0 1 2 0 0 0 0/0 16:20 1:37 0:07
Michael Haley 0 0 0 -1 2 1 0 0 0 0 1/2 12:18 0:00 1:26
Mike Richards 0 1 1 1 0 3 1 2 0 1 14/21 19:57 1:37 2:54
Nick Bjugstad 0 0 0 0 2 2 3 0 0 0 5/11 15:42 0:22 0:43
Petr Pohl 0 0 0 0 0 0 0 0 1 0 0/0 0:16 0:00 0:00
Philip Samuelsson 0 0 0 0 0 0 1 0 1 0 0/0 22:44 1:37 1:23
Riley Armstrong 0 0 0 -1 0 2 1 0 2 0 6/10 12:28 0:00 1:41
Ryan O'Byrne 0 0 0 0 0 0 0 3 0 0 0/0 22:21 0:00 3:33
Teuvo Teravainen 0 0 0 0 0 3 2 0 0 0 0/0 12:10 0:22 0:52
3 Stars
1 - Steve Mason (Phi)
2 - Ryan Callahan (Phi)
3 - Connor Brown (Det)
Power Play
Flyers - 1 on 6 Attempt(s) - 16.67%
Red Wings - 0 on 1 Attempt(s) - 0.00%
Penalty Kill
Flyers - 1 on 1 Attempt(s) - 100.00%
- Score 0 goal in Penalty Kill
Red Wings - 5 on 6 Attempt(s) - 83.33%
- Score 0 goal in Penalty Kill
Team Stat
Flyers - Hits : 27 - Faceoff Wins : 31 - Blocked Shots : 8 - Penalty Minutes : 2
Red Wings - Hits : 18 - Faceoff Wins : 33 - Blocked Shots : 13 - Penalty Minutes : 12
Official
Referees : Unknown
Linesman : Unknown
Game Notes
Petr Pohl is injured at 0:56 of 1st period (Back)
Carson Mcmillan is injured at 4:13 of 3rd period (Left Foot)
Finance
Level 1 -- Attendance: 6000 (100.00%) -- Ticket Income $642,000
Level 2 -- Attendance: 4830 (96.60%) -- Ticket Income $342,930
Level 3 -- Attendance: 1810 (90.50%) -- Ticket Income $86,880
Level 4 -- Attendance: 3744 (93.60%) -- Ticket Income $123,552
Luxury Box -- Attendance: 994 (99.40%) -- Ticket Income $188,860
Game was played at the Joe Louis Arena.
Total Attendance: 17378 (96.54%)
Total Ticket Income: $1,384,222
Other Income: $207,633
Total Income: $1,591,855
Flyers
5 vs 5 Forward
Center Left Wing Right Wing Time % Phy DF OF
1 Jeff Carter Drew Miller Jakub Voracek 35 0 1 4
2 Jordan Nolan J.T. Miller Mats Zuccarello 30 0 1 4
3 Marcus Kruger Brock Nelson Tomas Kubalik 25 0 2 3
4 Matthew Lombardi Chris Mcallister Ryan Callahan 10 0 4 1
5 vs 5 Defense
Defense Defense Time % Phy DF OF
1 Oliver Ekman-Larsson Jonathan Ericsson 30 1 3 1
2 Jeff Woywitka Nathan Beaulieu 30 1 3 1
3 Brian Lashoff Matt Smaby 30 1 3 1
4 Oliver Ekman-Larsson Jeff Woywitka 10 1 3 1
PowerPlay Forward
Center Left Wing Right Wing Time % Phy DF OF
1 Jeff Carter Drew Miller Jakub Voracek 50 0 1 4
2 Jordan Nolan J.T. Miller Mats Zuccarello 50 0 1 4
PowerPlay Defense
Defense Defense Time % Phy DF OF
1 Oliver Ekman-Larsson Matt Smaby 50 0 2 3
2 Jonathan Ericsson Jeff Woywitka 50 0 2 3
Penalty Kill 4 Players Forward
Center Wing Time % Phy DF OF
1 Matthew Lombardi Chris Mcallister 50 0 4 1
2 Jeff Carter J.T. Miller 50 0 4 1
Penalty Kill 4 Players Defense
Defense Defense Time % Phy DF OF
1 Oliver Ekman-Larsson Matt Smaby 50 1 4 0
2 Jeff Woywitka Jonathan Ericsson 50 1 4 0
Penalty Kill - 3 Players Forward
Forward Time % Phy DF OF
1 Matthew Lombardi 50 0 4 1
2 Jeff Carter 50 0 4 1
Penalty Kill - 3 Players Defense
Defense Defense Time % Phy DF OF
1 Oliver Ekman-Larsson Matt Smaby 50 1 4 0
2 Jeff Woywitka Jonathan Ericsson 50 1 4 0
4 vs 4 Forward
Center Wing Time % Phy DF OF
1 Jeff Carter Jakub Voracek 50 0 2 3
2 Jordan Nolan J.T. Miller 50 0 2 3
4 vs 4 Defense
Defense Defense Time % Phy DF OF
1 Oliver Ekman-Larsson Matt Smaby 50 1 3 1
2 Jeff Woywitka Jonathan Ericsson 50 1 3 1
Last Minutes Offensive
Center Left Wing Right Wing Defense Defense
Jeff Carter Drew Miller Jakub Voracek Oliver Ekman-Larsson Jeff Woywitka
Last Minutes Defensive
Center Left Wing Right Wing Defense Defense
Matthew Lombardi Drew Miller Mats Zuccarello Oliver Ekman-Larsson Jeff Woywitka
Goaltenders
Starting : Steve Mason
Backup : Cam Ward
Extra Forwards
Normal : Jeff Carter, Jordan Nolan, Drew Miller - PP : Jeff Carter, Jordan Nolan - PK : Matthew Lombardi
Extra Defensemen
Normal : Oliver Ekman-Larsson, Jeff Woywitka, Jonathan Ericsson - PP : Oliver Ekman-Larsson - PK : Oliver Ekman-Larsson, Jeff Woywitka
Penalty Shots
Jeff Carter, Jordan Nolan, J.T. Miller, Drew Miller, Mats Zuccarello
Scratches
None
Red Wings
5 vs 5 Forward
Center Left Wing Right Wing Time % Phy DF OF
1 Mike Richards Alex Picard Connor Brown 40 0 2 3
2 Nick Bjugstad Teuvo Teravainen Jordin Tootoo 30 0 2 3
3 David Krejci Chris Kelly Petr Pohl 20 2 2 1
4 Riley Armstrong Michael Haley Carson Mcmillan 10 0 2 3
5 vs 5 Defense
Defense Defense Time % Phy DF OF
1 Philip Samuelsson Ryan O'Byrne 40 0 2 3
2 Karl Alzner Jiri Fischer 30 0 2 3
3 Anton Volchenkov Jakub Kindl 20 1 2 2
4 Anton Volchenkov Jakub Kindl 10 1 2 2
PowerPlay Forward
Center Left Wing Right Wing Time % Phy DF OF
1 Mike Richards Alex Picard Connor Brown 60 0 1 4
2 Nick Bjugstad Teuvo Teravainen Jordin Tootoo 40 0 1 4
PowerPlay Defense
Defense Defense Time % Phy DF OF
1 Philip Samuelsson Karl Alzner 60 0 2 3
2 Jiri Fischer Jakub Kindl 40 0 2 3
Penalty Kill 4 Players Forward
Center Wing Time % Phy DF OF
1 Chris Kelly Carson Mcmillan 60 1 2 2
2 Riley Armstrong Michael Haley 40 1 2 2
Penalty Kill 4 Players Defense
Defense Defense Time % Phy DF OF
1 Jiri Fischer Anton Volchenkov 60 1 2 2
2 Jakub Kindl Ryan O'Byrne 40 1 2 2
Penalty Kill - 3 Players Forward
Forward Time % Phy DF OF
1 Carson Mcmillan 60 1 2 2
2 Michael Haley 40 1 2 2
Penalty Kill - 3 Players Defense
Defense Defense Time % Phy DF OF
1 Jiri Fischer Ryan O'Byrne 60 1 2 2
2 Jakub Kindl Anton Volchenkov 40 1 2 2
4 vs 4 Forward
Center Wing Time % Phy DF OF
1 Mike Richards Connor Brown 60 1 2 2
2 Nick Bjugstad Alex Picard 40 1 2 2
4 vs 4 Defense
Defense Defense Time % Phy DF OF
1 Philip Samuelsson Ryan O'Byrne 60 1 2 2
2 Anton Volchenkov Jakub Kindl 40 1 2 2
Last Minutes Offensive
Center Left Wing Right Wing Defense Defense
Mike Richards Alex Picard Connor Brown Philip Samuelsson Karl Alzner
Last Minutes Defensive
Center Left Wing Right Wing Defense Defense
Riley Armstrong Michael Haley Carson Mcmillan Anton Volchenkov Ryan O'Byrne
Goaltenders
Starting : James Reimer
Backup : Josh Harding
Extra Forwards
Normal : Connor Brown, Nick Bjugstad, Jordin Tootoo - PP : David Krejci, Petr Pohl - PK : Mike Richards
Extra Defensemen
Normal : Philip Samuelsson, Karl Alzner, Jakub Kindl - PP : Ryan O'Byrne - PK : Philip Samuelsson, Karl Alzner
Penalty Shots
Mike Richards, Carson Mcmillan, Nick Bjugstad, Alex Picard, Jordin Tootoo
Scratches
Andrew Alberts (Healthy), Dany Heatley (Healthy), Petter Granberg (Healthy)
% Time on Ice - Flyers
Lines # - Real PCT - Wanted PCT - Time Play
Normal Forward
1 - 32% - 35% - 14:56
2 - 25% - 30% - 11:42
3 - 24% - 25% - 11:16
4 - 19% - 10% - 8:52
Normal Defense
1 - 32% - 30% - 14:55
2 - 31% - 30% - 14:36
3 - 31% - 30% - 14:28
4 - 6% - 10% - 2:47
PP Forward
1 - 49% - 50% - 4:54
2 - 51% - 50% - 5:08
PP Defense
1 - 53% - 50% - 5:21
2 - 47% - 50% - 4:41
PK Forward
1 - 41% - 50% - 0:49
2 - 59% - 50% - 1:10
PK Defense
1 - 68% - 50% - 1:21
2 - 32% - 50% - 0:38
PK3 Forward
1 - 0% - 50%
2 - 0% - 50%
PK3 Defense
1 - 0% - 50%
2 - 0% - 50%
44 Forward
1 - 0% - 50%
2 - 0% - 50%
44 Defense
1 - 0% - 50%
2 - 0% - 50%
Last Minute Offensive - 0:00
Last Minute Defensive - 1:13
Total
Forward - 60:00
Defense - 60:00
|
% Time on Ice - Red Wings
Lines # - Real PCT - Wanted PCT - Time Play
Normal Forward
1 - 31% - 40% - 14:23
2 - 24% - 30% - 11:12
3 - 22% - 20% - 10:28
4 - 23% - 10% - 10:43
Normal Defense
1 - 40% - 40% - 18:47
2 - 30% - 30% - 13:49
3 - 22% - 20% - 10:07
4 - 9% - 10% - 4:03
PP Forward
1 - 82% - 60% - 1:37
2 - 18% - 40% - 0:22
PP Defense
1 - 82% - 60% - 1:37
2 - 18% - 40% - 0:22
PK Forward
1 - 83% - 60% - 8:21
2 - 17% - 40% - 1:41
PK Defense
1 - 65% - 60% - 6:29
2 - 35% - 40% - 3:33
PK3 Forward
1 - 0% - 60%
2 - 0% - 40%
PK3 Defense
1 - 0% - 60%
2 - 0% - 40%
44 Forward
1 - 0% - 60%
2 - 0% - 40%
44 Defense
1 - 0% - 60%
2 - 0% - 40%
Last Minute Offensive - 1:13
Last Minute Defensive - 0:00
Total
Forward - 60:00
Defense - 60:00
|
Play-by-Play
1st period
0:01 of 1st period - Mike Richards wins face-off versus Jeff Carter in neutral zone.
0:26 of 1st period - Philip Samuelsson is hit by Oliver Ekman-Larsson and loses puck.
0:55 of 1st period - Petr Pohl is hit by Nathan Beaulieu and loses puck.
0:56 of 1st period - Petr Pohl from Red Wings is injured at 0:56 of 1st period (Back).
0:57 of 1st period - Riley Armstrong wins face-off versus Matthew Lombardi in Red Wings zone.
2:10 of 1st period - Wrist shot by J.T. Miller.
2:10 of 1st period - Shot Misses the Net.
2:12 of 1st period - Slapshot by Mats Zuccarello.
2:12 of 1st period - Stopped by James Reimer with a rebound.
2:14 of 1st period - Slapshot by Jordan Nolan.
2:14 of 1st period - Deflect By Mats Zuccarello.
2:14 of 1st period - Stopped by James Reimer without a rebound.
2:15 of 1st period - Riley Armstrong wins face-off versus Jordan Nolan in Red Wings zone.
2:15 of 1st period - Riley Armstrong is hit by Mats Zuccarello.
2:22 of 1st period - Philip Samuelsson is hit by Mats Zuccarello and loses puck.
2:48 of 1st period - Icing by Oliver Ekman-Larsson.
2:49 of 1st period - Nick Bjugstad wins face-off versus Marcus Kruger in Flyers zone.
3:00 of 1st period - Snap shot by Marcus Kruger.
3:00 of 1st period - Stopped by James Reimer without a rebound.
3:01 of 1st period - Mike Richards wins face-off versus Jeff Carter in Red Wings zone.
3:16 of 1st period - Snap shot by Mike Richards.
3:16 of 1st period - Shot Blocked by Oliver Ekman-Larsson.
3:18 of 1st period - Slapshot by Ryan O'Byrne.
3:18 of 1st period - Deflect By Alex Picard.
3:18 of 1st period - Stopped by Steve Mason with a rebound.
3:36 of 1st period - Wrist shot by J.T. Miller.
3:36 of 1st period - Stopped by James Reimer with a rebound.
4:39 of 1st period - Icing by Jiri Fischer.
4:40 of 1st period - Jordan Nolan wins face-off versus Nick Bjugstad in Red Wings zone.
4:41 of 1st period - Wrist shot by J.T. Miller.
4:41 of 1st period - Stopped by James Reimer with a rebound.
4:47 of 1st period - Mats Zuccarello is hit by Karl Alzner and loses puck.
5:06 of 1st period - Jordin Tootoo is hit by Marcus Kruger and loses puck.
5:11 of 1st period - Snap shot by Brock Nelson.
5:11 of 1st period - Shot Misses the Net.
5:21 of 1st period - Wrist shot by Nick Bjugstad.
5:21 of 1st period - Shot Hit the Post.
5:23 of 1st period - Snap shot by Nick Bjugstad.
5:23 of 1st period - Deflect By Teuvo Teravainen.
5:23 of 1st period - Stopped by Steve Mason with a rebound.
5:25 of 1st period - Slapshot by Jiri Fischer.
5:25 of 1st period - Stopped by Steve Mason with a rebound.
5:27 of 1st period - Wrist shot by Nick Bjugstad.
5:27 of 1st period - Stopped by Steve Mason without a rebound.
5:28 of 1st period - Drew Miller wins face-off versus Mike Richards in Flyers zone.
5:33 of 1st period - Snap shot by Connor Brown.
5:33 of 1st period - Stopped by Steve Mason without a rebound.
5:34 of 1st period - Jeff Carter wins face-off versus Connor Brown in Flyers zone.
5:39 of 1st period - Wrist shot by Jakub Voracek.
5:39 of 1st period - Stopped by James Reimer without a rebound.
5:40 of 1st period - Jakub Voracek wins face-off versus Mike Richards in Red Wings zone.
5:56 of 1st period - Minor Penalty to Jakub Kindl for Diving.
5:57 of 1st period - Chris Kelly wins face-off versus Jeff Carter in Red Wings zone.
5:57 of 1st period - Chris Kelly is hit by Jeff Carter.
6:47 of 1st period - Carson Mcmillan is hit by Jakub Voracek and loses puck.
7:12 of 1st period - Jiri Fischer is hit by Drew Miller and loses puck.
7:56 of 1st period - Penalty to Jakub Kindl is over, Jakub Kindl is back on ice.
9:06 of 1st period - Ryan O'Byrne is hit by Matthew Lombardi and loses puck.
9:38 of 1st period - Icing by Anton Volchenkov.
9:39 of 1st period - Nick Bjugstad wins face-off versus Marcus Kruger in Red Wings zone.
10:41 of 1st period - Icing by David Krejci.
10:42 of 1st period - David Krejci wins face-off versus Ryan Callahan in Red Wings zone.
11:08 of 1st period - Snap shot by Jeff Carter.
11:08 of 1st period - Shot Misses the Net.
11:10 of 1st period - Slapshot by Matt Smaby.
11:10 of 1st period - Deflect By Drew Miller.
11:10 of 1st period - Shot Misses the Net.
11:10 of 1st period - Puck is out of play.
11:11 of 1st period - Jeff Carter wins face-off versus Riley Armstrong in Red Wings zone.
11:24 of 1st period - Snap shot by Jeff Carter.
11:24 of 1st period - Shot Blocked by Ryan O'Byrne.
11:26 of 1st period - Snap shot by Jakub Voracek.
11:26 of 1st period - Stopped by James Reimer with a rebound.
11:28 of 1st period - Snap shot by Jakub Voracek.
11:28 of 1st period - Shot Misses the Net.
11:30 of 1st period - Slapshot by Jonathan Ericsson.
11:30 of 1st period - Stopped by James Reimer without a rebound.
11:31 of 1st period - Jordan Nolan wins face-off versus Mike Richards in Red Wings zone.
11:58 of 1st period - Jakub Kindl is hit by Matt Smaby and loses puck.
12:34 of 1st period - Snap shot by Carson Mcmillan.
12:34 of 1st period - Shot Blocked by Jeff Carter.
13:04 of 1st period - Jordan Nolan is hit by Jordin Tootoo and loses puck.
13:24 of 1st period - Icing by Carson Mcmillan.
13:25 of 1st period - Riley Armstrong wins face-off versus Matthew Lombardi in Red Wings zone.
13:32 of 1st period - Snap shot by Carson Mcmillan.
13:32 of 1st period - Stopped by Steve Mason with a rebound.
13:34 of 1st period - Slapshot by Ryan O'Byrne.
13:34 of 1st period - Shot Blocked by Chris Mcallister.
14:13 of 1st period - Nick Bjugstad is hit by Drew Miller and loses puck.
14:45 of 1st period - Nathan Beaulieu is hit by Teuvo Teravainen and loses puck.
14:52 of 1st period - Karl Alzner is hit by Brock Nelson and loses puck.
15:01 of 1st period - Wrist shot by Marcus Kruger.
15:01 of 1st period - Deflect By Nick Bjugstad.
15:01 of 1st period - Shot Misses the Net.
15:01 of 1st period - Puck is out of play.
15:02 of 1st period - Jordan Nolan wins face-off versus Mike Richards in Red Wings zone.
15:05 of 1st period - Slapshot by J.T. Miller.
15:05 of 1st period - Shot Misses the Net.
15:19 of 1st period - Snap shot by Connor Brown.
15:19 of 1st period - Goal by Connor Brown - Flyers : 0 - Red Wings : 1.
15:20 of 1st period - Mike Richards wins face-off versus Jeff Carter in neutral zone.
15:33 of 1st period - Snap shot by Connor Brown.
15:33 of 1st period - Shot Misses the Net.
16:13 of 1st period - Minor Penalty to Jakub Kindl for Roughing.
16:14 of 1st period - Chris Kelly wins face-off versus Mats Zuccarello in Red Wings zone.
16:46 of 1st period - Carson Mcmillan is hit by Jeff Carter and loses puck.
17:03 of 1st period - Slapshot by Riley Armstrong.
17:03 of 1st period - Stopped by Steve Mason with a rebound.
18:13 of 1st period - Penalty to Jakub Kindl is over, Jakub Kindl is back on ice.
18:19 of 1st period - Philip Samuelsson is hit by Matt Smaby and loses puck.
18:26 of 1st period - Slapshot by Brock Nelson.
18:26 of 1st period - Shot Misses the Net.
18:28 of 1st period - Snap shot by Nathan Beaulieu.
18:28 of 1st period - Stopped by James Reimer without a rebound.
18:29 of 1st period - Mike Richards wins face-off versus Matthew Lombardi in Red Wings zone.
19:06 of 1st period - Marcus Kruger is hit by Nick Bjugstad and loses puck.
19:55 of 1st period - Anton Volchenkov is hit by J.T. Miller and loses puck.
Goals for this period are 0 for Flyers vs 1 for Red Wings.
Shots for this period are 9 for Flyers vs 8 for Red Wings.
2nd period
0:01 of 2nd period - Jeff Carter wins face-off versus Mike Richards in neutral zone.
0:12 of 2nd period - Slapshot by Drew Miller.
0:12 of 2nd period - Stopped by James Reimer without a rebound.
0:13 of 2nd period - Mike Richards wins face-off versus Jeff Carter in Red Wings zone.
0:13 of 2nd period - Mike Richards is hit by Jakub Voracek.
1:07 of 2nd period - Snap shot by Jeff Woywitka.
1:07 of 2nd period - Shot Blocked by Jiri Fischer.
1:16 of 2nd period - Icing by Marcus Kruger.
1:17 of 2nd period - Matthew Lombardi wins face-off versus Michael Haley in Flyers zone.
1:22 of 2nd period - Slapshot by Jeff Woywitka.
1:22 of 2nd period - Stopped by James Reimer without a rebound.
1:23 of 2nd period - Matthew Lombardi wins face-off versus Riley Armstrong in Red Wings zone.
1:24 of 2nd period - Snap shot by Chris Mcallister.
1:24 of 2nd period - Shot Misses the Net.
1:26 of 2nd period - Snap shot by Ryan Callahan.
1:26 of 2nd period - Goal by Ryan Callahan - Flyers : 1 - Red Wings : 1.
1:27 of 2nd period - Mike Richards wins face-off versus Jeff Carter in neutral zone.
1:38 of 2nd period - Slapshot by Mike Richards.
1:38 of 2nd period - Stopped by Steve Mason with a rebound.
1:40 of 2nd period - Wrist shot by Connor Brown.
1:40 of 2nd period - Shot Misses the Net.
1:42 of 2nd period - Snap shot by Mike Richards.
1:42 of 2nd period - Shot Misses the Net.
1:44 of 2nd period - Slapshot by Alex Picard.
1:44 of 2nd period - Shot Misses the Net.
1:59 of 2nd period - Wrist shot by Mats Zuccarello.
1:59 of 2nd period - Stopped by James Reimer without a rebound.
2:00 of 2nd period - Jordan Nolan wins face-off versus Nick Bjugstad in Red Wings zone.
2:10 of 2nd period - Ryan O'Byrne is hit by Brian Lashoff and loses puck.
2:34 of 2nd period - Wrist shot by Mike Richards.
2:34 of 2nd period - Shot Misses the Net.
2:36 of 2nd period - Slapshot by Anton Volchenkov.
2:36 of 2nd period - Stopped by Steve Mason without a rebound.
2:37 of 2nd period - Nick Bjugstad wins face-off versus Marcus Kruger in Flyers zone.
2:40 of 2nd period - Wrist shot by Nick Bjugstad.
2:40 of 2nd period - Stopped by Steve Mason with a rebound.
3:02 of 2nd period - Mike Richards is hit by Jeff Carter and loses puck.
3:25 of 2nd period - Brian Lashoff is hit by David Krejci.
3:29 of 2nd period - Matthew Lombardi is hit by Philip Samuelsson and loses puck.
4:09 of 2nd period - Snap shot by Tomas Kubalik.
4:09 of 2nd period - Shot Misses the Net.
4:11 of 2nd period - Slapshot by Jeff Woywitka.
4:11 of 2nd period - Stopped by James Reimer with a rebound.
4:32 of 2nd period - Wrist shot by Teuvo Teravainen.
4:32 of 2nd period - Stopped by Steve Mason with a rebound.
4:34 of 2nd period - Slapshot by Anton Volchenkov.
4:34 of 2nd period - Shot Misses the Net.
4:36 of 2nd period - Wrist shot by Jordin Tootoo.
4:36 of 2nd period - Stopped by Steve Mason without a rebound.
4:37 of 2nd period - Jeff Carter wins face-off versus Mike Richards in Flyers zone.
5:08 of 2nd period - Snap shot by Jordan Nolan.
5:08 of 2nd period - Shot Misses the Net.
5:35 of 2nd period - Icing by Tomas Kubalik.
5:36 of 2nd period - Matthew Lombardi wins face-off versus Riley Armstrong in Flyers zone.
5:50 of 2nd period - Wrist shot by Chris Mcallister.
5:50 of 2nd period - Shot Blocked by Anton Volchenkov.
5:52 of 2nd period - Slapshot by Matt Smaby.
5:52 of 2nd period - Shot Misses the Net.
6:30 of 2nd period - Jakub Kindl is hit by J.T. Miller and loses puck.
6:53 of 2nd period - Slapshot by Jeff Woywitka.
6:53 of 2nd period - Shot Blocked by Connor Brown.
7:03 of 2nd period - Chris Mcallister is hit by Riley Armstrong and loses puck.
7:12 of 2nd period - Michael Haley is hit by Ryan Callahan and loses puck.
7:23 of 2nd period - Jakub Voracek is hit by Nick Bjugstad and loses puck.
8:15 of 2nd period - Icing by Brian Lashoff.
8:16 of 2nd period - Riley Armstrong wins face-off versus Matthew Lombardi in Flyers zone.
8:17 of 2nd period - Snap shot by Carson Mcmillan.
8:17 of 2nd period - Stopped by Steve Mason without a rebound.
8:18 of 2nd period - Riley Armstrong wins face-off versus Matthew Lombardi in Flyers zone.
8:31 of 2nd period - Wrist shot by Riley Armstrong.
8:31 of 2nd period - Shot Blocked by Oliver Ekman-Larsson.
8:49 of 2nd period - Wrist shot by Riley Armstrong.
8:49 of 2nd period - Shot Blocked by Jonathan Ericsson.
8:59 of 2nd period - Snap shot by Carson Mcmillan.
8:59 of 2nd period - Shot Blocked by Matthew Lombardi.
9:11 of 2nd period - Snap shot by Riley Armstrong.
9:11 of 2nd period - Stopped by Steve Mason with a rebound.
9:13 of 2nd period - Wrist shot by Jakub Kindl.
9:13 of 2nd period - Stopped by Steve Mason without a rebound.
9:14 of 2nd period - Mike Richards wins face-off versus Jeff Carter in Flyers zone.
10:13 of 2nd period - Icing by Jeff Woywitka.
10:14 of 2nd period - Mike Richards wins face-off versus Marcus Kruger in Flyers zone.
11:20 of 2nd period - Jeff Woywitka is hit by Jordin Tootoo and loses puck.
11:42 of 2nd period - Off-side.
11:43 of 2nd period - Mike Richards wins face-off versus Marcus Kruger in neutral zone.
12:14 of 2nd period - Wrist shot by Alex Picard.
12:14 of 2nd period - Shot Misses the Net.
12:18 of 2nd period - Snap shot by Alex Picard.
12:18 of 2nd period - Shot Misses the Net.
12:20 of 2nd period - Wrist shot by Connor Brown.
12:20 of 2nd period - Shot Misses the Net.
12:22 of 2nd period - Slapshot by Connor Brown.
12:22 of 2nd period - Shot Misses the Net.
13:16 of 2nd period - Snap shot by Alex Picard.
13:16 of 2nd period - Deflect By Mike Richards.
13:16 of 2nd period - Stopped by Steve Mason with a rebound.
14:06 of 2nd period - Slapshot by Matt Smaby.
14:06 of 2nd period - Shot Misses the Net.
14:14 of 2nd period - Brian Lashoff is hit by Mike Richards and loses puck.
14:33 of 2nd period - Snap shot by Connor Brown.
14:33 of 2nd period - Stopped by Steve Mason with a rebound.
14:35 of 2nd period - Slapshot by Anton Volchenkov.
14:35 of 2nd period - Stopped by Steve Mason with a rebound.
14:37 of 2nd period - Snap shot by Connor Brown.
14:37 of 2nd period - Shot Blocked by Jakub Voracek.
14:39 of 2nd period - Backhand shot by Mike Richards.
14:39 of 2nd period - Shot Misses the Net.
14:41 of 2nd period - Snap shot by Connor Brown.
14:41 of 2nd period - Shot Misses the Net.
14:43 of 2nd period - Snap shot by Connor Brown.
14:43 of 2nd period - Stopped by Steve Mason without a rebound.
14:44 of 2nd period - Jordan Nolan wins face-off versus Nick Bjugstad in Flyers zone.
14:44 of 2nd period - Jordan Nolan is hit by Nick Bjugstad.
14:54 of 2nd period - Teuvo Teravainen is hit by Mats Zuccarello and loses puck.
15:09 of 2nd period - Chris Kelly is hit by Oliver Ekman-Larsson and loses puck.
15:16 of 2nd period - Slapshot by Tomas Kubalik.
15:16 of 2nd period - Shot Misses the Net.
15:57 of 2nd period - Slapshot by Chris Mcallister.
15:57 of 2nd period - Stopped by James Reimer without a rebound.
15:58 of 2nd period - Jordan Nolan wins face-off versus David Krejci in Red Wings zone.
16:30 of 2nd period - Carson Mcmillan is hit by Jonathan Ericsson.
17:10 of 2nd period - Icing by J.T. Miller.
17:11 of 2nd period - Marcus Kruger wins face-off versus Riley Armstrong in Flyers zone.
17:18 of 2nd period - Wrist shot by Tomas Kubalik.
17:18 of 2nd period - Stopped by James Reimer with a rebound.
17:26 of 2nd period - Brock Nelson is hit by Carson Mcmillan.
17:56 of 2nd period - Anton Volchenkov is hit by Jonathan Ericsson and loses puck.
18:13 of 2nd period - Wrist shot by Carson Mcmillan.
18:13 of 2nd period - Stopped by Steve Mason without a rebound.
18:14 of 2nd period - Michael Haley wins face-off versus Jordan Nolan in Flyers zone.
19:09 of 2nd period - Minor Penalty to Michael Haley for Roughing.
19:10 of 2nd period - Jordan Nolan wins face-off versus Chris Kelly in Red Wings zone.
19:40 of 2nd period - Anton Volchenkov is hit by Drew Miller and loses puck.
Goals for this period are 1 for Flyers vs 0 for Red Wings.
Shots for this period are 7 for Flyers vs 13 for Red Wings.
3rd period
0:01 of 3rd period - Jeff Carter wins face-off versus Chris Kelly in neutral zone.
0:42 of 3rd period - Backhand shot by Mike Richards.
0:42 of 3rd period - Stopped by Steve Mason without a rebound.
0:43 of 3rd period - Chris Kelly wins face-off versus Jeff Carter in Flyers zone.
1:00 of 3rd period - Slapshot by Oliver Ekman-Larsson.
1:00 of 3rd period - Stopped by James Reimer with a rebound.
1:08 of 3rd period - Wrist shot by Jordan Nolan.
1:08 of 3rd period - Shot Misses the Net.
1:09 of 3rd period - Penalty to Michael Haley is over, Michael Haley is back on ice.
1:12 of 3rd period - Backhand shot by J.T. Miller.
1:12 of 3rd period - Shot Blocked by Ryan O'Byrne.
1:14 of 3rd period - Slapshot by Jonathan Ericsson.
1:14 of 3rd period - Deflect By Mats Zuccarello.
1:14 of 3rd period - Shot Blocked by Jakub Kindl.
1:14 of 3rd period - Puck is out of play.
1:15 of 3rd period - Mike Richards wins face-off versus Jeff Carter in Red Wings zone.
1:24 of 3rd period - Jeff Woywitka is hit by Karl Alzner.
1:32 of 3rd period - Wrist shot by Mike Richards.
1:32 of 3rd period - Deflect By Connor Brown.
1:32 of 3rd period - Shot Misses the Net.
1:32 of 3rd period - Puck is out of play.
1:33 of 3rd period - Nick Bjugstad wins face-off versus Jordan Nolan in Flyers zone.
1:47 of 3rd period - Wrist shot by Teuvo Teravainen.
1:47 of 3rd period - Stopped by Steve Mason with a rebound.
2:09 of 3rd period - Snap shot by Brock Nelson.
2:09 of 3rd period - Shot Misses the Net.
2:11 of 3rd period - Wrist shot by Brock Nelson.
2:11 of 3rd period - Shot Misses the Net.
2:13 of 3rd period - Slapshot by Brian Lashoff.
2:13 of 3rd period - Shot Blocked by Ryan O'Byrne.
2:15 of 3rd period - Wrist shot by Tomas Kubalik.
2:15 of 3rd period - Stopped by James Reimer without a rebound.
2:16 of 3rd period - Jeff Carter wins face-off versus Mike Richards in Red Wings zone.
3:59 of 3rd period - Minor Penalty to David Krejci for Hooking.
4:00 of 3rd period - Jeff Carter wins face-off versus Carson Mcmillan in Red Wings zone.
4:13 of 3rd period - Snap shot by Jonathan Ericsson.
4:13 of 3rd period - Shot Blocked by Carson Mcmillan.
4:13 of 3rd period - Carson Mcmillan from Red Wings is injured at 4:13 of 3rd period (Left Foot).
4:14 of 3rd period - Chris Kelly wins face-off versus Jordan Nolan in Red Wings zone.
5:59 of 3rd period - Penalty to David Krejci is over, David Krejci is back on ice.
6:09 of 3rd period - Off-side.
6:10 of 3rd period - Marcus Kruger wins face-off versus Nick Bjugstad in neutral zone.
6:22 of 3rd period - Slapshot by Philip Samuelsson.
6:22 of 3rd period - Shot Misses the Net.
6:32 of 3rd period - Philip Samuelsson is hit by Jeff Woywitka and loses puck.
6:56 of 3rd period - Jeff Carter is hit by Jordin Tootoo and loses puck.
7:30 of 3rd period - Oliver Ekman-Larsson is hit by Jakub Kindl and loses puck.
7:36 of 3rd period - Minor Penalty to David Krejci for Slashing.
7:37 of 3rd period - Jordan Nolan wins face-off versus Chris Kelly in Red Wings zone.
7:37 of 3rd period - Slapshot by J.T. Miller.
7:37 of 3rd period - Shot Misses the Net.
7:39 of 3rd period - Wrist shot by J.T. Miller.
7:39 of 3rd period - Stopped by James Reimer without a rebound.
7:40 of 3rd period - Jordan Nolan wins face-off versus Chris Kelly in Red Wings zone.
7:43 of 3rd period - Slapshot by J.T. Miller.
7:43 of 3rd period - Goal by J.T. Miller - Flyers : 2 - Red Wings : 1.
7:44 of 3rd period - Mike Richards wins face-off versus Jeff Carter in neutral zone.
8:38 of 3rd period - Wrist shot by Tomas Kubalik.
8:38 of 3rd period - Stopped by James Reimer without a rebound.
8:39 of 3rd period - Marcus Kruger wins face-off versus David Krejci in Red Wings zone.
8:40 of 3rd period - Snap shot by Brock Nelson.
8:40 of 3rd period - Shot Misses the Net.
8:42 of 3rd period - Slapshot by Jonathan Ericsson.
8:42 of 3rd period - Shot Blocked by Connor Brown.
8:44 of 3rd period - Wrist shot by Brock Nelson.
8:44 of 3rd period - Stopped by James Reimer without a rebound.
8:45 of 3rd period - Jeff Carter wins face-off versus Chris Kelly in Red Wings zone.
9:24 of 3rd period - Slapshot by Connor Brown.
9:24 of 3rd period - Stopped by Steve Mason without a rebound.
9:25 of 3rd period - Nick Bjugstad wins face-off versus Jeff Carter in Flyers zone.
9:31 of 3rd period - Minor Penalty to Jeff Carter for Hooking.
9:32 of 3rd period - Mike Richards wins face-off versus Matthew Lombardi in Flyers zone.
9:36 of 3rd period - Wrist shot by Mike Richards.
9:36 of 3rd period - Shot Misses the Net.
9:38 of 3rd period - Backhand shot by Mike Richards.
9:38 of 3rd period - Deflect By Alex Picard.
9:38 of 3rd period - Stopped by Steve Mason without a rebound.
9:39 of 3rd period - Alex Picard wins face-off versus Matthew Lombardi in Flyers zone.
10:08 of 3rd period - Slapshot by Mike Richards.
10:08 of 3rd period - Shot Misses the Net.
10:10 of 3rd period - Snap shot by Karl Alzner.
10:10 of 3rd period - Deflect By Jordan Nolan.
10:10 of 3rd period - Stopped by Steve Mason with a rebound.
11:06 of 3rd period - Snap shot by Alex Picard.
11:06 of 3rd period - Shot Misses the Net.
11:08 of 3rd period - Slapshot by Philip Samuelsson.
11:08 of 3rd period - Deflect By Connor Brown.
11:08 of 3rd period - Stopped by Steve Mason without a rebound.
11:09 of 3rd period - Matthew Lombardi wins face-off versus Nick Bjugstad in Flyers zone.
11:09 of 3rd period - Matthew Lombardi is hit by Jordin Tootoo.
11:31 of 3rd period - Penalty to Jeff Carter is over, Jeff Carter is back on ice.
11:37 of 3rd period - Slapshot by Jeff Carter.
11:37 of 3rd period - Stopped by James Reimer without a rebound.
11:38 of 3rd period - Jeff Carter wins face-off versus David Krejci in Red Wings zone.
11:39 of 3rd period - Wrist shot by Jakub Voracek.
11:39 of 3rd period - Stopped by James Reimer without a rebound.
11:40 of 3rd period - Jeff Carter wins face-off versus David Krejci in Red Wings zone.
11:57 of 3rd period - Snap shot by Drew Miller.
11:57 of 3rd period - Shot Misses the Net.
12:58 of 3rd period - Wrist shot by Jordin Tootoo.
12:58 of 3rd period - Stopped by Steve Mason without a rebound.
12:59 of 3rd period - Mike Richards wins face-off versus Jordan Nolan in Flyers zone.
13:16 of 3rd period - Snap shot by J.T. Miller.
13:16 of 3rd period - Deflect By Mats Zuccarello.
13:16 of 3rd period - Stopped by James Reimer without a rebound.
13:17 of 3rd period - Riley Armstrong wins face-off versus Marcus Kruger in Red Wings zone.
14:08 of 3rd period - Wrist shot by Connor Brown.
14:08 of 3rd period - Stopped by Steve Mason with a rebound.
15:10 of 3rd period - Backhand shot by Connor Brown.
15:10 of 3rd period - Shot Blocked by Jonathan Ericsson.
15:12 of 3rd period - Snap shot by Michael Haley.
15:12 of 3rd period - Stopped by Steve Mason without a rebound.
15:13 of 3rd period - Marcus Kruger wins face-off versus David Krejci in Flyers zone.
15:43 of 3rd period - Minor Penalty to Nick Bjugstad for Hooking.
15:44 of 3rd period - Jordan Nolan wins face-off versus Chris Kelly in Red Wings zone.
15:46 of 3rd period - Snap shot by Jordan Nolan.
15:46 of 3rd period - Stopped by James Reimer without a rebound.
15:47 of 3rd period - Chris Kelly wins face-off versus J.T. Miller in Red Wings zone.
16:00 of 3rd period - Matt Smaby is hit by Anton Volchenkov and loses puck.
16:13 of 3rd period - Alex Picard is hit by Oliver Ekman-Larsson and loses puck.
17:43 of 3rd period - Penalty to Nick Bjugstad is over, Nick Bjugstad is back on ice.
17:58 of 3rd period - Wrist shot by Connor Brown.
17:58 of 3rd period - Stopped by Steve Mason without a rebound.
17:59 of 3rd period - Marcus Kruger wins face-off versus Nick Bjugstad in Flyers zone.
17:59 of 3rd period - Marcus Kruger is hit by Teuvo Teravainen.
18:13 of 3rd period - Snap shot by Marcus Kruger.
18:13 of 3rd period - Deflect By Brock Nelson.
18:13 of 3rd period - Stopped by James Reimer with a rebound.
18:15 of 3rd period - Slapshot by Matt Smaby.
18:15 of 3rd period - Shot Blocked by Jiri Fischer.
19:03 of 3rd period - Snap shot by Drew Miller.
19:03 of 3rd period - Shot Blocked by Mike Richards.
19:17 of 3rd period - Wrist shot by Drew Miller.
19:17 of 3rd period - Stopped by James Reimer with a rebound.
19:25 of 3rd period - Red Wings, James Reimer is pulled from the net.
19:31 of 3rd period - Snap shot by Mike Richards.
19:31 of 3rd period - Shot Misses the Net.
19:39 of 3rd period - Slapshot by Jeff Woywitka.
19:39 of 3rd period - Shot Blocked by Mike Richards.
19:41 of 3rd period - Wrist shot by Matthew Lombardi.
19:41 of 3rd period - Deflect By Mats Zuccarello.
19:41 of 3rd period - Shot Blocked by Alex Picard.
19:41 of 3rd period - Puck is out of play.
19:42 of 3rd period - Terry Murray call a timeout for Red Wings.
19:42 of 3rd period - James Reimer from Red Wings was sent back in the game.
19:42 of 3rd period - Mike Richards wins face-off versus Mats Zuccarello in Red Wings zone.
19:49 of 3rd period - Red Wings, James Reimer is pulled from the net.
19:49 of 3rd period - Snap shot by Karl Alzner.
19:49 of 3rd period - Shot Misses the Net.
Goals for this period are 1 for Flyers vs 0 for Red Wings.
Shots for this period are 12 for Flyers vs 10 for Red Wings.
Back to the Top